Construct Light Support Kompanie
Panzerjäger Mechanized Group
Selects Italian Combined Arms Battlegroup
Selects Bersaglieri Squad
Selects Semovente da 75/18 Assault Gun
Construct Mechanized Kompanie
Selects Carro Armato M13/40 Light Tank
Carro Armato M13/40 Light Tank
Carro Armato M13/40 Light Tank
Selects Vehicle Support - Secure Location
Carro Armato M13/40 Light Tank
Selects Vehicle Support - Force Recon